 Dungeon Crawl Stone Soup version 0.19.1 (webtiles) character file.

18055 MoltenButter the Cleaver (level 12, -4/105 (106) HPs)
             Began as a Minotaur Fighter on Apr 23, 2017.
             Was the Champion of Cheibriados.
             Killed by divine providence
             ... invoked by an orc priest
              (11 damage)
             ... on level 2 of the Orcish Mines.
             The game lasted 00:53:22 (8863 turns).

MoltenButter the Cleaver (Minotaur Fighter)         Turns: 8863, Time: 00:53:22

HP:   -4/105 (106)  AC: 11    Str: 45    XL:     12   Next: 24%
MP:   0/11          EV: 17    Int: 22    God:    Cheibriados [******]
Gold: 562           SH: 16    Dex: 24    Spells: 0 memorised, 11 levels left

rFire  . . .     SeeInvis .     F - +4 hand axe "Exucw" {venom, rC+}
rCold  + . .     Gourm    .     g - +2 leather armour {MR+}
rNeg   . . .     Faith    .     c - +0 shield
rPois  .         Spirit   +     (helmet restricted)
rElec  .         Reflect  .     v - +0 cloak
rCorr  .         Harm     .     s - +1 pair of gloves
MR     +....                    l - +0 pair of boots
Stlth  +++.......               R - amulet of guardian spirit
                                (no ring)
                                (no ring)

@: mighty, very slow
A: retaliatory headbutt, horns 2
a: Bend Time, Temporal Distortion, Slouch, Step From Time, Renounce Religion


You were on level 2 of the Orcish Mines.
You worshipped Cheibriados.
Cheibriados was exalted by your worship.
You were full.

You visited 2 branches of the dungeon, and saw 11 of its levels.
You also visited: Ice Cave.

You collected 667 gold pieces.
You spent 105 gold pieces at shops.

Inventory:

Hand Weapons
 q - a +1 hand axe of electrocution
 r - a +0 dire flail of protection
 x - a +1 trident of flaming
 A - a +0 shortbow
 F - the +4 hand axe "Exucw" (weapon) {venom, rC+}
   (You found it on level 8 of the Dungeon)

   It poisons the flesh of those it strikes.
   It protects you from cold.
Missiles
 o - 7 exploding tomahawks
 t - 189 stones (quivered)
Armour
 b - a +1 scale mail
 c - a +0 shield (worn)
 g - a +2 leather armour of magic resistance (worn)
 l - a +0 pair of boots (worn)
 m - a +0 chain mail
 s - a +1 pair of gloves (worn)
 u - a +0 shield
 v - a +0 cloak (worn)
 w - the +2 robe "Kiek" {rF+ MR+ Int+3, unknown}
   (You took it off Edmund on level 6 of the Dungeon)

   It affects your intelligence (+3).
   It protects you from fire.
   It affects your resistance to hostile enchantments.
 E - a +0 plate armour
Jewellery
 R - an amulet of guardian spirit (around neck)
 X - an uncursed amulet of magic regeneration {unknown}
Wands
 I - a wand of random effects (13/48)
 M - a wand of iceblast (5/15)
 V - a wand of lightning (5/15)
Scrolls
 e - 8 scrolls of identify
 h - a scroll of random uselessness {unknown}
 i - 3 scrolls of teleportation
 n - 2 scrolls of blinking
 y - 2 scrolls of remove curse
 z - a scroll of torment
 C - a scroll of acquirement {unknown}
 N - a scroll of magic mapping {unknown}
 Q - a scroll of fog {unknown}
 S - 2 scrolls of fear {unknown}
 Z - a scroll of noise
Potions
 d - a potion of might
 f - 4 potions of lignification
 j - a potion of degeneration {unknown}
 k - 3 potions of ambrosia {unknown}
 D - 4 potions of curing {unknown}
 Y - a potion of magic {unknown}
Books
 L - a book of Maledictions

   Spells                             Type                      Level
   a - Corona                         Hexes                        1
   b - Ensorcelled Hibernation        Hexes/Ice                    2
   c - Confuse                        Hexes                        3
   d - Tukima's Dance                 Hexes                        3
   e - Dazzling Spray                 Conjuration/Hexes            3
 P - a book of Enchantments

   Spells                             Type                      Level
   a - Cause Fear                     Hexes                        4
   b - Yara's Violent Unravelling     Hexes/Transmutation          5
   c - Silence                        Hexes/Air                    5
   d - Deflect Missiles               Charms/Air                   6
   e - Discord                        Hexes                        8
Miscellaneous
 T - a disc of storms
 U - a fan of gales
Comestibles
 a - a bread ration
 p - a beef jerky
 H - 10 royal jellies
 W - a slice of pizza


   Skills:
 + Level 9.7 Fighting
 + Level 13.3(13.6) Axes
 + Level 5.0(10.1) Polearms
 + Level 10.8 Armour
 + Level 6.6 Dodging
 + Level 3.0 Stealth
 + Level 11.6 Shields


You had 11 spell levels left.
You didn't know any spells.

Dungeon Overview and Level Annotations

Branches:
Dungeon (11/15)               Orc (2/2) D:11
 Temple: D:4-7         Lair: D:8-11         Elf: Orc:2

Altars:
Cheibriados
Elyvilon
Fedhas
Makhleb
Yredelemnul
Zin
Beogh

Shops:
Orc:2 *


Innate Abilities, Weirdness & Mutations

You reflexively headbutt those who attack you in melee.
You have a pair of horns on your head.


Message History

You closely miss the orc knight.
You headbutt the orc knight, but do no damage.
The orc knight is severely wounded.
The orc knight hits you with a great sword of holy wrath!!
* * * LOW HITPOINT WARNING * * *
You hit the orc knight but do no damage.
The orc knight looks as sick as possible!
The orc knight is severely wounded.
You hit the orc knight.
The orc knight looks as sick as possible!
You headbutt the orc knight.
The orc knight is almost dead.
The orc knight hits you with a great sword of holy wrath!!
* * * LOW HITPOINT WARNING * * *
You feel very mighty all of a sudden.
The orc knight roars a battlecry!
The orc priest goes into a battle-frenzy!
The orc priest invokes the aid of Beogh against you.
Beogh smites you!
You die...

..).........#..⌠..'.#).∩#
..)....<....#.....#.#####
##..........#.....#.)^..#
###........########'###.#
.####......## #..)).#.#
..######.^..# #.._..'.#
....#.#####.# #.....#.#
.......## #.#######'###.#
........######oo@...#...#
......#..# #'######'###
........## #.# #...#
.......## #o# #)..#
.#.....# ... #≈≈≈#
##.....# .o... #≈≈≈#
#.....## #$....# #≈≈≈#
##...## ##.$$## #≈≈≈#
##### #...# ##≈≈≈


You could see an orc knight and an orc priest.

Vanquished Creatures
  An orc warlord (Orc:2)
  Josephine (Orc:1)
  2 hill giants (D:10)
  The ghost of JimDarkmagic the Chopper, a novice DsBe of Trog (D:6)
  2 orc sorcerers
  2 ugly things
  2 orc knights (Orc:2)
  A cyclops (Orc:2)
  A gargoyle (D:9)
  2 trolls
  4 two-headed ogres
  2 hippogriffs (D:9)
  A wyvern (D:8)
  A human (D:3)
  4 wraiths
  3 hungry ghosts
  3 wargs
  Edmund (D:6)
  Duvessa (D:6)
  22 orc warriors
  2 sky beasts
  3 black bears
  17 ice beasts
  2 necrophages (D:10)
  2 phantoms
  5 centaurs
  11 ogres
  8 bullfrogs
  Dowan (D:6)
  A wyvern skeleton (D:9)
  A scorpion (D:9)
  3 wights (D:8)
  3 howler monkeys (D:8)
  A bullfrog zombie (D:6)
  A centaur zombie (D:10)
  3 crimson imps
  4 hounds
  A gnoll shaman (Orc:2)
  5 jellies
  8 orc priests
  12 orc wizards
  2 bullfrog skeletons
  An iguana (D:6)
  Terence (D:3)
  4 worker ants
  A killer bee zombie (D:8)
  8 ogre zombies (D:11)
  A hound skeleton (D:8)
  3 adders
  2 shadow imps
  5 oozes (D:8)
  4 worms
  4 leopard geckos
  64 orcs
  3 ball pythons
  6 giant cockroaches
  9 hobgoblins
  13 jackals
  3 quokkas
  5 bats
  4 frilled lizards
  6 goblins
  3 goblin zombies (D:11)
  3 hobgoblin skeletons (D:11)
  4 hobgoblin zombies (D:11)
  10 kobolds
  6 orc skeletons (D:11)
  9 orc zombies (D:11)
  6 rats
341 creatures vanquished.

Notes
Turn   | Place    | Note
-------+----------+-------------------------------------------
     0 | D:1      | MoltenButter the Minotaur Fighter began the quest for the Orb.
     0 | D:1      | Reached XP level 1. HP: 19/19 MP: 0/0
   227 | D:1      | Reached XP level 2. HP: 27/27 MP: 1/1
   927 | D:2      | Reached skill level 3 in Axes
   927 | D:2      | Reached XP level 3. HP: 24/33 MP: 2/2
  1529 | D:2      | Found a snail-covered altar of Cheibriados.
  1778 | D:2      | Became a worshipper of Cheibriados the Contemplative
  1862 | D:3      | Reached XP level 4. HP: 31/40 MP: 3/3
  1865 | D:3      | Reached skill level 1 in Dodging
  1996 | D:3      | Noticed Terence
  2012 | D:3      | Killed Terence
  2012 | D:3      | Reached skill level 4 in Axes
  2076 | D:3      | Reached XP level 5. HP: 47/47 MP: 4/4
  2099 | D:3      | Reached * piety under Cheibriados
  2270 | D:3      | Found a runed door.
  2270 | D:3      | Noticed a human
  2271 | D:3      | Found a basalt altar of Yredelemnul.
  2366 | D:3      | Killed a human
  2366 | D:3      | Reached skill level 5 in Axes
  2366 | D:3      | Reached XP level 6. HP: 47/55 MP: 5/5
  2544 | D:3      | You fall through a shaft for 3 floors!
  2599 | D:6      | Noticed JimDarkmagic's ghost (novice DsBe)
  2604 | D:6      | Reached skill level 5 in Fighting
  2618 | D:6      | Noticed Edmund
  2624 | D:6      | Killed JimDarkmagic's ghost
  2624 | D:6      | Reached skill level 6 in Axes
  2624 | D:6      | Reached skill level 5 in Shields
  2624 | D:6      | Reached XP level 7. HP: 37/61 MP: 6/6
  2630 | D:6      | Killed Edmund
  2632 | D:6      | Got a warped robe
  2642 | D:6      | HP: 3/61 [orc warrior/tomahawk of returning (4)]
  2962 | D:6      | Reached ** piety under Cheibriados
  3133 | D:6      | Reached skill level 7 in Axes
  3165 | D:6      | Found a white marble altar of Elyvilon.
  3193 | D:6      | Reached XP level 8. HP: 69/69 MP: 7/7
  3410 | D:6      | Noticed Duvessa
  3412 | D:6      | Noticed Dowan
  3414 | D:6      | Killed Duvessa
  3414 | D:6      | Reached skill level 1 in Polearms
  3425 | D:6      | Killed Dowan
  3585 | D:6      | Found a blossoming altar of Fedhas.
  4067 | D:8      | Got a translucent hand axe
  4089 | D:8      | Identified the +4 hand axe "Exucw" {venom, rC+} (You found it on level 8 of the Dungeon)
  4213 | D:8      | Reached XP level 9. HP: 73/75 MP: 8/8
  4238 | D:8      | Reached *** piety under Cheibriados
  4699 | D:8      | Reached skill level 8 in Axes
  4701 | D:8      | Reached skill level 5 in Polearms
  4739 | D:8      | Found a burning altar of Makhleb.
  4927 | D:9      | Reached **** piety under Cheibriados
  4951 | D:9      | Found a glowing silver altar of Zin.
  5045 | D:9      | Reached skill level 9 in Axes
  5106 | D:9      | Noticed a gargoyle
  5119 | D:9      | Killed a gargoyle
  5129 | D:9      | Noticed an orange demon
  5195 | D:9      | Reached XP level 10. HP: 84/86 MP: 9/9
  5303 | D:9      | Noticed a brown ugly thing
  5313 | D:9      | Killed a brown ugly thing
  5404 | D:9      | Found a basalt altar of Yredelemnul.
  5405 | D:9      | Noticed a rust devil
  5405 | D:9      | Noticed a rust devil
  5405 | D:9      | Noticed an orange demon
  5584 | D:10     | Entered Level 10 of the Dungeon
  5593 | D:10     | Noticed a hill giant
  5600 | D:10     | Killed a hill giant
  5600 | D:10     | Reached skill level 10 in Axes
  5600 | D:10     | Reached skill level 1 in Stealth
  5708 | D:10     | Reached skill level 10 in Armour
  5783 | D:10     | Noticed a hill giant
  5791 | D:10     | Killed a hill giant
  5791 | D:10     | Reached ***** piety under Cheibriados
  6392 | D:10     | Reached skill level 11 in Axes
  6648 | D:11     | Found a staircase to the Orcish Mines.
  6948 | Orc:1    | Entered Level 1 of the Orcish Mines
  6948 | Orc:1    | Noticed an orc sorcerer
  6954 | Orc:1    | Killed an orc sorcerer
  6954 | Orc:1    | Reached XP level 11. HP: 89/94 MP: 10/10
  7009 | Orc:2    | Entered Level 2 of the Orcish Mines
  7062 | Orc:1    | Reached ****** piety under Cheibriados
  7095 | Orc:1    | Found a frozen archway.
  7147 | IceCv    | Entered an ice cave
  7167 | IceCv    | Reached skill level 12 in Axes
  7173 | IceCv    | Noticed a white ugly thing
  7186 | IceCv    | Killed a white ugly thing
  7186 | IceCv    | Reached skill level 10 in Shields
  7469 | Orc:1    | Noticed Josephine
  7487 | Orc:1    | Killed Josephine
  7978 | Orc:1    | Reached skill level 5 in Dodging
  7984 | Orc:1    | Noticed an orc sorcerer
  8224 | Orc:2    | Noticed an orc knight
  8235 | Orc:2    | Killed an orc knight
  8564 | Orc:2    | Reached skill level 13 in Axes
  8609 | Orc:2    | Reached XP level 12. HP: 79/104 MP: 8/11
  8696 | Orc:2    | Found Bon Ydec's General Store.
  8712 | Orc:2    | Bought 7 exploding tomahawks for 105 gold pieces
  8722 | Orc:2    | Found a roughly hewn altar of Beogh.
  8825 | Orc:2    | Noticed an orc warlord
  8843 | Orc:2    | Killed an orc warlord
  8863 | Orc:2    | Killed from afar by an orc priest

Skill      XL: |  1  2  3  4  5  6  7  8  9 10 11 12 |
---------------+-------------------------------------+-----
Shields        | 4 5 6 7 9 11 | 11.6
Fighting       | 4 5 6 7 8 9 |  9.7
Axes           | 3 4 5 6 7 9 11 13 | 13.3
Armour         | 4 6 8 9 10 | 10.8
Dodging        | 1 2 3 4 6 |  6.6
Polearms       | 4 5 |  5.0
Stealth        | 1 2 3 |  3.0

Action                   |  1- 3 |  4- 6 |  7- 9 | 10-12 || total
-------------------------+-------+-------+-------+-------++-------
Melee: War axe           |    18 |       |       |       ||    18
       Headbutt          |    18 |    16 |    61 |   164 ||   259
       Hand axe          |   102 |    88 |   154 |   440 ||   784
       Trident           |       |       |    59 |       ||    59
  Use: Scroll            |     3 |     4 |     3 |     3 ||    13
       Potion            |       |       |       |     2 ||     2
 Stab: Sleeping          |       |       |       |     3 ||     3
  Eat: Meat ration       |     1 |       |       |     2 ||     3
       Bread ration      |       |       |     2 |       ||     2
Armor: Scale mail        |    46 |    32 |    29 |       ||   107
       Plate armour      |       |       |    51 |    12 ||    63
       Leather armour    |       |       |       |    64 ||    64
Dodge: Dodged            |    36 |    29 |    63 |   192 ||   320
Block: Shield            |    67 |    36 |   127 |   349 ||   579
